 Dungeon Crawl Stone Soup version 0.29-a0-632-g781b4ac09e (webtiles) character file.

Game seed: 2498095033862235064

154028 PentaManta the Crack Shot (level 17, -7/76 HPs)
             Began as a Spriggan Hunter on June 18, 2022.
             Was the Champion of Nemelex Xobeh.
             Mangled by an earth elemental (32 damage)
             ... summoned by a deep elf elementalist
             ... on level 2 of the Elven Halls on June 19, 2022.
             The game lasted 01:25:41 (32679 turns).

PentaManta the Crack Shot (Spriggan Hunter)        Turns: 32679, Time: 01:25:43

Health: -7/76      AC:  6    Str: 11    XL:     17   Next: 5%
Magic:  27/27      EV: 46    Int: 16    God:    Nemelex Xobeh [******]
Gold:   854        SH:  0    Dex: 30    Spells: 16/16 levels left

rFire   + . .      SeeInvis +   a - +9 shortbow (vorpal)
rCold   + + .      Faith    .   (shield currently unavailable)
rNeg    . . .      Spirit   .   O - +2 robe {rC+}
rPois   .          Reflect  .   T - +1 hat
rElec   .          Harm     .   l - +0 cloak of Mupy {+Blink rF+ Will+ Str+4}
rCorr   +          Rampage  .   (gloves unavailable)
Will    +++..                   (boots unavailable)
Stlth   ++++++....              r - amulet "Qamahi" {Fly Regen+ rCorr Int+3}
HPRegen 1.02/turn               n - ring of protection from cold
MPRegen 0.20/turn               M - +6 ring of dexterity

@: flying, very quick
A: very small, no large weapons, unfitting armour, see invisible, speed 3
a: Renounce Religion, Evoke Blink, Draw Escape, Draw Destruction, Draw
Summoning, Draw Stack, Triple Draw, Deal Four, Stack Five


You were on level 2 of the Elven Halls.
You worshipped Nemelex Xobeh.
Nemelex Xobeh was exalted by your worship.
You visited 6 branches of the dungeon, and saw 27 of its levels.
You also visited: Bailey and Ice Cave.

You collected 2969 gold pieces.
You spent 2115 gold pieces at shops.

Inventory:

Hand Weapons
 a - a +9 vorpal shortbow (weapon)
 d - the +6 hand crossbow "Cothrev" {flame, rElec Str+8}
   (You found it on level 1 of the Elven Halls)

   Any ammunition fired from it burns those it strikes, dealing additional fire
   damage.
   Str:       It affects your strength (+8).
   rElec:     It insulates you from electricity.
 y - a +2 dagger of electrocution
Missiles
 f - 5 boomerangs of dispersal
 s - 6 throwing nets
 D - 5 curare-tipped darts
Armour
 l - the +0 cloak of Mupy (worn) {+Blink rF+ Will+ Str+4}
   (You found it on level 2 of the Dungeon)

   Str:       It affects your strength (+4).
   rF:        It protects you from fire.
   +Blink:    It lets you blink.
   Will:      It increases your willpower.
 u - a +0 troll leather armour
 E - +5 steam dragon scales
 L - a +2 cloak
 O - a +2 robe of cold resistance (worn)
 T - a +1 hat (worn)
Jewellery
 e - a ring of fire
 h - a ring of positive energy
 n - a ring of protection from cold (left hand)
 r - the amulet "Qamahi" (around neck) {Fly Regen+ rCorr Int+3}
   (You acquired it on level 6 of the Dungeon)

   [amulet of regeneration]

   Int:       It affects your intelligence (+3).
   Fly:       It grants you flight.
   Regen:     It increases your rate of health regeneration.
   rCorr:     It protects you from acid and corrosion.
 G - a ring of resist corrosion
 M - a +6 ring of dexterity (right hand)
 V - a ring of positive energy
 Y - a ring of fire
Wands
 j - a wand of digging (15)
 H - a wand of mindburst (14)
 K - a wand of quicksilver (11)
 N - a wand of iceblast (20)
 R - a wand of paralysis (10)
 S - a wand of polymorph (3)
 X - a wand of flame (62)
Scrolls
 b - a scroll of brand weapon
 c - 8 scrolls of immolation
 g - 4 scrolls of vulnerability
 i - 3 scrolls of fog
 o - 2 scrolls of summoning
 p - 13 scrolls of teleportation
 v - a scroll of enchant armour
 I - 2 scrolls of fear
 Q - 4 scrolls of blinking
 W - 3 scrolls of magic mapping
Potions
 k - 10 potions of curing
 m - a potion of resistance
 q - 6 potions of cancellation
 x - 3 potions of ambrosia
 A - 4 potions of heal wounds
 B - 6 potions of mutation
 F - 4 potions of haste
 U - 3 potions of invisibility
Miscellaneous
 t - a box of beasts
 z - a lightning rod (4/4)
 C - a piece from Xom's chessboard (15/15)
 Z - a tin of tremorstones (2/2)


   Skills:
 - Level 3.0 Fighting
 - Level 22.0 Bows
 - Level 6.0 Throwing
 + Level 21.0 Dodging
 + Level 10.8 Stealth
 + Level 13.2 Invocations
 + Level 14.4 Evocations


You had 16 spell levels left.
You didn't know any spells.
Your spell library contained the following spells:

 Spells                   Type           Power      Damage    Failure   Level
 Apportation              Tloc           0%         N/A       26%         1
 Freeze                   Ice            0%         1d3       26%         1
 Magic Dart               Conj           0%         1d3       26%         1
 Necrotize                Necr           0%         1d4       26%         1
 Shock                    Conj/Air       0%         1d3       26%         1
 Summon Small Mammal      Summ           0%         N/A       26%         1
 Call Imp                 Summ           0%         N/A       36%         2
 Ensorcelled Hibernation  Hex/Ice        0%         N/A       36%         2
 Poisonous Vapours        Pois/Air       0%         N/A       36%         2
 Confusing Touch          Hex            0%         N/A       58%         3
 Frozen Ramparts          Ice            0%         1d2       58%         3
 Inner Flame              Hex/Fire       0%         N/A       58%         3
 Ozocubu's Armour         Ice            0%         N/A       58%         3
 Spider Form              Tmut/Pois      0%         N/A       58%         3
 Stone Arrow              Conj/Erth      0%         3d7       58%         3
 Anguish                  Hex/Necr       0%         N/A       94%         4
 Animate Armour           Summ/Erth      0%         N/A       94%         4
 Corpse Rot               Necr/Pois/Air  0%         N/A       94%         4
 Hailstorm                Conj/Ice       0%         3d3       94%         4
 Leda's Liquefaction      Hex/Erth       0%         N/A       94%         4
 Petrify                  Tmut/Erth      0%         N/A       94%         4
 Alistair's Intoxication  Tmut/Pois      0%         N/A       100%        5
 Blade Hands              Tmut           0%         N/A       100%        5
 Irradiate                Conj/Tmut      0%         3d13      100%        5
 Lee's Rapid Deconstruct  Erth           0%         3d5*      100%        5
 Metabolic Englaciation   Hex/Ice        0%         N/A       100%        5
 Summon Forest            Summ/Tloc      0%         N/A       100%        5
 Yara's Violent Unravell  Hex/Tmut       0%         3d3       100%        5
 Conjure Ball Lightning   Conj/Air       0%         3x3d6     100%        6
 Dispersal                Tloc           0%         N/A       100%        6
 Simulacrum               Ice/Necr       0%         N/A       100%        6
 Statue Form              Tmut/Erth      0%         N/A       100%        6
 Dragon Form              Tmut           0%         N/A       100%        7
 Enfeeble                 Hex            0%         N/A       100%        7
 Discord                  Hex            0%         N/A       100%        8
 Disjunction              Tloc           0%         N/A       100%        8
 Lehudib's Crystal Spear  Conj/Erth      0%         10d2      100%        8
 Summon Horrible Things   Summ           0%         N/A       100%        8


Dungeon Overview and Level Annotations

Branches:
Dungeon (15/15)            Temple (1/1) D:7            Lair (6/6) D:10
  Swamp (0/4) Lair:4        Snake (0/4) Lair:4        Slime (0/5) Lair:6
    Orc (2/2) D:9             Elf (2/3) Orc:2        Vaults (0/5) D:14
 Depths (1/4) D:15         Bailey (visited)           IceCv (visited)

Altars:
Ashenzari
Cheibriados
Dithmenos
Elyvilon
Fedhas
Gozag
Hepliaklqana
Kikubaaqudgha
Makhleb
Nemelex Xobeh
Okawaru
Qazlal
Ru
Sif Muna
Trog
Uskayaw
Vehumet
Wu Jian
Xom
Yredelemnul
Zin
The Shining One

Shops:
D:6 ?   D:13 *   D:15 *   Orc:2 (:**


Innate Abilities, Weirdness & Mutations

You are very small and have problems with some larger weapons.
You are too small for most types of armour.
You have supernaturally acute eyesight. (SInv)
You cover ground extremely quickly. (Speed+++)


Message History

The deep elf elementalist hits you with a +0 rapier!
Shoot: a) +9 shortbow (vorpal)
Press: ? - help, Q - select action, (/) - cycle Shift-Dir - straight line, f/p - deep elf elementalist
Aim: a deep elf elementalist, wielding a +0 rapier and wearing a +0 scale mail (moderately wounded, fast, repelling missiles, 54% to hit)
You shoot an arrow.
The arrow hits the deep elf elementalist!
The deep elf elementalist is heavily wounded.
The deep elf elementalist hits you with a +0 rapier!
The earth elemental closely misses you.
Shoot: a) +9 shortbow (vorpal)
Press: ? - help, Q - select action, (/) - cycle Shift-Dir - straight line, f/p - deep elf elementalist
Aim: a deep elf elementalist, wielding a +0 rapier and wearing a +0 scale mail (heavily wounded, fast, repelling missiles, 54% to hit)
You shoot an arrow.
The arrow hits the deep elf elementalist!
The deep elf elementalist is severely wounded.
The earth elemental completely misses you.
The deep elf elementalist gestures at itself while chanting.
Some walls begin to move on their own!
The earth elemental completely misses you.
The earth elemental misses you.
Shoot: a) +9 shortbow (vorpal)
Press: ? - help, Q - select action, (/) - cycle Shift-Dir - straight line, f/p - deep elf elementalist
Aim: a deep elf elementalist, wielding a +0 rapier and wearing a +0 scale mail (severely wounded, fast, repelling missiles, 54% to hit)
You shoot an arrow.
The arrow hits the deep elf elementalist.
The deep elf elementalist is almost dead.
A deep elf pyromancer comes into view. It is wielding a +0 rapier.
The earth elemental hits you! x2
The deep elf elementalist completely misses you.
Shoot: a) +9 shortbow (vorpal)
Press: ? - help, Q - select action, (/) - cycle Shift-Dir - straight line, f/p - deep elf elementalist
Aim: a deep elf elementalist, wielding a +0 rapier and wearing a +0 scale mail (almost dead, fast, repelling missiles, 54% to hit)
You shoot an arrow.
The arrow hits the deep elf elementalist.
The deep elf elementalist is almost dead.
The deep elf elementalist hits you with a +0 rapier.
The earth elemental misses you. The earth elemental barely misses you.
The earth elemental hits you!!
You die...
Your body glows with a rainbow of weird colours and disappears.

#.......##
#.......#
##.....##
#.....##
###+##'.#
#...#
#.e####
##E.E#.#
#E@E.+


#EEeE.E# ##.#...# ##.....# # ..## ..# ## You could see a deep elf elementalist
(fast, repels missiles), 8 earth elementals and a deep elf pyromancer.

Vanquished Creatures
  Rupert (D:15)
  A sphinx (D:14)
  4 deep elf sorcerers (Elf:1)
  An eleionoma (IceCv)
  5 white draconians (IceCv)
  3 deep elf annihilators (Elf:1)
  A bunyip (Lair:4)
  Josephine (D:9)
  2 ice dragons
  A rakshasa (D:11)
  13 centaur warriors
  7 boulder beetles
  13 hydras
  Fannar (Lair:1)
  4 catoblepae
  Harold (D:10)
  6 dancing weapons
  A deep troll shaman (D:15)
  An alligator (D:13)
  6 death yaks (Lair:6)
  5 two-headed ogres
  A tengu warrior (D:11)
  Urug (Lair:4)
  Sonja (Lair:1)
  Nergalle (D:10)
  2 iron trolls
  2 deep elf knights (Elf:1)
  6 skeletal warriors
  A sea snake (Lair:4)
  A wolf spider zombie (D:15)
  An orange crystal statue (IceCv)
  5 deep elf archers (Elf:1)
  A lindwurm (shapeshifter) (D:14)
  27 deep elf pyromancers
  2 wizards (D:15)
  3 orc knights
  3 deep trolls (D:15)
  14 ugly things
  A shining eye (shapeshifter) (D:14)
  2 mana vipers
  A necromancer (D:15)
  12 deep elf zephyrmancers
  3 orc sorcerers
  10 manticores
  9 cyclopes
  A salamander (shapeshifter) (D:11)
  Maurice (Orc:1)
  A moth of wrath (Elf:1)
  9 elephants
  4 black mambas
  The ghost of KateP the Chopper, a novice MiFi (D:6)
  2 guardian serpents (shapeshifter) (D:14)
  A guardian serpent (Elf:1)
  A centaur skeleton (D:15)
  4 torpor snails (Lair:6)
  4 gargoyles
  4 storm dragon simulacra (IceCv)
  2 unseen horrors (shapeshifter)
  13 cane toads
  An unseen horror (D:11)
  A yaktaur (D:11)
  3 rime drakes
  2 efreet (D:14)
  5 komodo dragons
  A redback zombie (D:15)
  4 golden dragon simulacra (IceCv)
  A freezing wraith (D:14)
  3 tengu conjurers
  7 trolls
  3 meliai
  2 polar bears
  A tyrant leech (Lair:4)
  A tarantella (shapeshifter) (D:15)
  Grinder (D:6)
  11 slime creatures
  A snapping turtle (D:13)
  3 air elementals
  2 shadows (D:12)
  5 spriggans (Bailey)
  38 yaks
  2 wyverns
  6 wraiths
  A fire elemental (Elf:1)
  9 water elementals
  7 basilisks
  A fire bat (shapeshifter) (D:13)
  A human (D:14)
  The ghost of RichitheSlayer the Slasher, an amateur HuMo (D:4)
  11 vampire mosquitoes
  Menkaure (D:6)
  4 steam dragons
  4 acid dragons
  16 water moccasins
  41 orc warriors
  5 sky beasts
  4 ice beasts
  A meliai simulacrum (D:14)
  6 ice dragon simulacra (IceCv)
  13 ogres
  3 black bears
  35 wolves
  A boggart (D:14)
  32 centaurs
  A kobold brigand (D:7)
  A necrophage (D:7)
  16 bullfrogs
  5 scorpions
  An earth elemental (Elf:1)
  5 gnoll sergeants
  A hornet simulacrum (D:15)
  10 killer bees
  7 lindwurm simulacra (IceCv)
  5 howler monkeys
  8 electric eels
  6 quasits
  5 hounds
  6 jellies
  A gnoll shaman (D:6)
  12 orc priests
  Terence (D:3)
  6 iguanas
  19 orc wizards
  9 adders
  33 gnolls
  6 shadow imps (D:8)
  7 white imps
  6 ufetubi
  A worm (D:5)
  A dart slug (D:5)
  77 orcs
  9 endoplasms
  A giant cockroach (D:4)
  11 goblins
  11 hobgoblins
  7 kobolds
  3 quokkas
  4 ball pythons
  5 bats
  5 frilled lizards
  5 rats
854 creatures vanquished.

Vanquished Creatures (others)
  A water elemental (D:15)
  A vampire mosquito (D:14)
  A demonic plant (D:8)
  19 fungi
  107 plants
129 creatures vanquished.

Grand Total: 983 creatures vanquished

Notes
Turn   | Place    | Note
-------+----------+-------------------------------------------
     0 | D:1      | PentaManta the Spriggan Hunter began the quest for the Orb.
     0 | D:1      | Reached XP level 1. HP: 10/10 MP: 2/2
    24 | D:1      | Reached skill level 5 in Bows
   138 | D:1      | Reached XP level 2. HP: 8/14 MP: 3/3
   418 | D:1      | Reached skill level 6 in Bows
   631 | D:1      | Reached XP level 3. HP: 18/18 MP: 4/4
   749 | D:2      | Identified the +0 cloak of Mupy {+Blink rF+ Will+ Str+4}
   810 | D:2      | Found the +14 obsidian axe {vorpal, Mesm Drain Fly SInv}
  1357 | D:2      | Reached XP level 4. HP: 22/22 MP: 5/5
  1498 | D:3      | Found a faded altar of an unknown god.
  1539 | D:3      | Reached skill level 7 in Bows
  2153 | D:3      | Noticed Terence
  2216 | D:3      | Killed Terence
  2217 | D:3      | Reached XP level 5. HP: 11/25 MP: 6/6
  2713 | D:4      | Found a broken altar of Ashenzari.
  2714 | D:4      | Found a shimmering blue altar of Sif Muna.
  2772 | D:4      | Reached skill level 8 in Bows
  2977 | D:4      | Reached XP level 6. HP: 30/30 MP: 7/7
  3043 | D:4      | Found a transporter.
  3047 | D:4      | Noticed RichitheSlayer's ghost (amateur HuMo)
  3074 | D:4      | Found a transporter.
  3381 | D:5      | Entered Level 5 of the Dungeon
  3390 | D:5      | Reached skill level 9 in Bows
  3527 | D:5      | Noticed an ice beast
  3542 | D:5      | Killed an ice beast
  3543 | D:5      | Reached skill level 10 in Bows
  3543 | D:5      | Reached XP level 7. HP: 27/33 MP: 8/8
  3618 | D:5      | Identified the +6 hunting sling of Res Nullius {freeze,
                  | Dex+5}
  3710 | D:5      | Found a snail-covered altar of Cheibriados.
  3744 | D:5      | Found a glowing golden altar of the Shining One.
  3762 | D:5      | Reached skill level 11 in Bows
  4126 | D:6      | Reached XP level 8. HP: 37/37 MP: 9/9
  4156 | D:6      | Reached skill level 5 in Dodging
  4156 | D:6      | Reached skill level 5 in Stealth
  4270 | D:6      | Found a transporter.
  4272 | D:6      | Noticed KateP's ghost (novice MiFi)
  4273 | D:6      | Found a transporter.
  4273 | D:6      | Identified the +5 great mace of Caustic Punishment {drain,
                  | rPois Str+3}
  4311 | D:6      | Reached skill level 12 in Bows
  4806 | D:6      | Found Ciybe's Magic Scroll Boutique.
  4806 | D:6      | Noticed Menkaure
  4815 | D:6      | Noticed Grinder
  5115 | D:6      | Killed Grinder
  5123 | D:6      | Killed Menkaure
  5399 | D:6      | Reached XP level 9. HP: 37/41 MP: 10/10
  5537 | D:7      | Found a hide-covered altar of Uskayaw.
  5549 | D:7      | Reached skill level 13 in Bows
  5719 | D:7      | Found a staircase to the Ecumenical Temple.
  5728 | Temple   | Entered the Ecumenical Temple
  5828 | D:7      | Found a flagged portal.
  5834 | Bailey   | Entered a bailey
  5899 | Bailey   | Reached skill level 14 in Bows
  6405 | Bailey   | Noticed a two-headed ogre
  6471 | Bailey   | Killed a two-headed ogre
  6472 | Bailey   | Reached skill level 15 in Bows
  6472 | Bailey   | Reached XP level 10. HP: 27/46 MP: 11/11
  6483 | Bailey   | Identified the +7 dire flail of the Brain {elec, rN+}
  6667 | D:7      | Found a shadowy altar of Dithmenos.
  7792 | D:8      | Found a blossoming altar of Fedhas.
  7854 | D:8      | Reached skill level 10 in Dodging
  8144 | D:8      | Reached skill level 16 in Bows
  8517 | D:9      | Reached skill level 1 in Evocations
  8529 | D:9      | Found a sparkling altar of Nemelex Xobeh.
  8534 | D:9      | Became a worshipper of Nemelex Xobeh the Trickster
  8574 | D:9      | Reached skill level 1 in Invocations
  8813 | D:9      | Noticed a two-headed ogre
  8837 | D:9      | Killed a two-headed ogre
  9006 | D:9      | Found a white marble altar of Elyvilon.
  9573 | D:9      | Reached XP level 11. HP: 51/51 MP: 14/14
  9620 | D:9      | Found a staircase to the Orcish Mines.
  9682 | D:10     | Entered Level 10 of the Dungeon
  9708 | D:10     | Noticed a deep elf pyromancer
  9715 | D:10     | Killed a deep elf pyromancer
  9726 | D:10     | Noticed Nergalle
  9745 | D:10     | Noticed a two-headed ogre
  9749 | D:10     | Killed Nergalle
  9751 | D:10     | Reached skill level 5 in Invocations
  9769 | D:10     | Killed a two-headed ogre
  9770 | D:10     | Reached skill level 5 in Evocations
  9834 | D:10     | Noticed Harold
  9845 | D:10     | Killed Harold
  9896 | D:10     | Noticed Josephine
  9924 | D:9      | Killed Josephine
  9982 | D:10     | Found a shimmering altar of Xom.
 10014 | D:10     | Reached * piety under Nemelex Xobeh
 10062 | D:10     | Found a staircase to the Lair.
 10686 | D:4      | Killed RichitheSlayer's ghost
 10978 | D:6      | Killed KateP's ghost
 11026 | D:6      | Bought a scroll of enchant weapon for 105 gold pieces
 11143 | Lair:1   | Entered Level 1 of the Lair of Beasts
 11155 | Lair:1   | Received a gift from Nemelex Xobeh
 11288 | Lair:1   | Noticed Fannar
 11297 | Lair:1   | Killed Fannar
 11350 | Lair:1   | Noticed Sonja
 11355 | Lair:1   | Killed Sonja
 11356 | Lair:1   | Reached XP level 12. HP: 56/56 MP: 19/19
 11949 | Lair:1   | Reached ** piety under Nemelex Xobeh
 12163 | Lair:2   | Reached skill level 10 in Invocations
 12501 | Lair:2   | Reached skill level 10 in Evocations
 13264 | Lair:3   | Reached *** piety under Nemelex Xobeh
 13435 | Lair:3   | Received a gift from Nemelex Xobeh
 13813 | Lair:4   | Noticed an eight-headed hydra
 13824 | Lair:4   | Noticed a boulder beetle
 13934 | Lair:4   | Noticed a five-headed hydra
 13944 | Lair:4   | Killed a five-headed hydra
 14028 | Lair:4   | Killed an eight-headed hydra
 14029 | Lair:4   | Reached XP level 13. HP: 60/60 MP: 23/23
 14135 | Lair:4   | Noticed a bunyip
 14135 | Lair:4   | a boulder beetle changed into a bunyip
 14166 | Lair:4   | Killed a bunyip
 14367 | Lair:4   | Reached **** piety under Nemelex Xobeh
 14559 | Lair:4   | Found a staircase to the Snake Pit.
 14661 | Lair:4   | Received a gift from Nemelex Xobeh
 14717 | Lair:4   | Noticed Urug
 14739 | Lair:4   | Killed Urug
 14748 | Lair:4   | Found a staircase to the Swamp.
 15621 | Lair:5   | Reached skill level 1 in Throwing
 15703 | Lair:5   | Received a gift from Nemelex Xobeh
 15726 | Lair:5   | Reached ***** piety under Nemelex Xobeh
 16611 | Lair:6   | Entered Level 6 of the Lair of Beasts
 16850 | Lair:6   | Found a snail-covered altar of Cheibriados.
 16897 | Lair:6   | Found a staircase to the Slime Pits.
 17273 | Lair:6   | Received a gift from Nemelex Xobeh
 17404 | Lair:6   | Reached skill level 10 in Stealth
 17404 | Lair:6   | Reached XP level 14. HP: 54/65 MP: 24/24
 18220 | D:11     | Received a gift from Nemelex Xobeh
 18290 | D:11     | Reached skill level 17 in Bows
 18357 | D:11     | Identified the +4 fustibalus of the Grand God {vorpal,
                  | Dex+2}
 18522 | D:11     | Reached skill level 5 in Throwing
 19304 | D:12     | Received a gift from Nemelex Xobeh
 19448 | D:12     | Noticed Jorgrun
 19455 | D:12     | Noticed Jorgrun
 19455 | D:12     | Jorgrun changed into Jorgrun the storm dragon
 19465 | D:12     | Noticed Jorgrun
 19465 | D:12     | Jorgrun the storm dragon changed into Jorgrun the mana
                  | viper
 19469 | D:12     | Killed Jorgrun the mana viper
 20121 | D:12     | Received a gift from Nemelex Xobeh
 20793 | D:13     | Received a gift from Nemelex Xobeh
 21363 | D:13     | Found Qaloer's Fire Supplies.
 21515 | D:13     | Reached ****** piety under Nemelex Xobeh
 21515 | D:13     | Received a gift from Nemelex Xobeh
 21515 | D:13     | You fall into a shaft and drop 2 floors!
 21515 | D:15     | Entered Level 15 of the Dungeon
 21616 | D:13     | Reached skill level 18 in Bows
 21996 | D:13     | Found a broken altar of Ashenzari.
 22379 | D:14     | Reached skill level 15 in Dodging
 22972 | D:14     | Found a gate to the Vaults.
 23344 | D:14     | Received a gift from Nemelex Xobeh
 23570 | D:14     | Reached XP level 15. HP: 68/68 MP: 25/25
 24426 | D:14     | Reached skill level 19 in Bows
 25011 | D:14     | Noticed a sphinx
 25015 | D:14     | Killed a sphinx
 25281 | D:14     | Noticed a storm dragon
 25283 | D:14     | a storm dragon changed into a four-headed hydra
 25286 | D:14     | Noticed a storm dragon
 25286 | D:14     | a minotaur changed into a storm dragon
 25301 | D:14     | Noticed a frost giant
 25301 | D:14     | a storm dragon changed into a frost giant
 25305 | D:14     | a frost giant changed into a glowing shapeshifter
 25818 | D:15     | Received a gift from Nemelex Xobeh
 25874 | D:15     | Found Mmuxzaji's Merry Market.
 26505 | D:15     | Noticed Rupert
 26527 | D:15     | Killed Rupert
 26528 | D:15     | Reached skill level 20 in Bows
 27110 | D:15     | Paralysed by an air elemental for 1 turns
 27256 | D:14     | HP: 3/68 [poisoned by a green ugly thing]
 27664 | D:15     | Bought a scroll of magic mapping for 63 gold pieces
 27817 | D:15     | Identified the +2 leather armour of Juanuzy {MP-9 Str+7
                  | Dex+4}
 27886 | D:15     | Reached XP level 16. HP: 72/72 MP: 26/26
 27935 | D:15     | Found a staircase to the Depths.
 28113 | Depths:1 | Entered Level 1 of the Depths
 28665 | D:6      | Bought a scroll of summoning for 133 gold pieces
 28665 | D:6      | Bought a scroll of vulnerability for 105 gold pieces
 28665 | D:6      | Bought a scroll of blinking for 105 gold pieces
 28665 | D:6      | Bought a scroll of fog for 28 gold pieces
 28665 | D:6      | Bought a scroll of acquirement for 728 gold pieces
 28665 | D:6      | Acquired the amulet "Qamahi" {Fly Regen+ rCorr Int+3}
 28766 | Orc:1    | Entered Level 1 of the Orcish Mines
 28839 | Orc:1    | Received a gift from Nemelex Xobeh
 28854 | Orc:1    | Noticed Maurice
 28864 | Orc:1    | Killed Maurice
 29098 | Orc:1    | Reached skill level 21 in Bows
 29122 | Orc:2    | Entered Level 2 of the Orcish Mines
 29729 | Orc:2    | Received a gift from Nemelex Xobeh
 29732 | Orc:2    | Found a staircase to the Elven Halls.
 29932 | Orc:2    | Found Ilubuomas's Book Shoppe.
 29932 | Orc:2    | Found Lizuh's Assorted Antiques.
 29934 | Orc:2    | Found Utouppics's Assorted Antiques.
 29936 | Orc:2    | Found Bemn's Antique Weapon Emporium.
 29941 | Orc:2    | Bought a potion of curing for 96 gold pieces
 29943 | Orc:2    | Bought a potion of haste for 320 gold pieces
 29943 | Orc:2    | Bought a wand of flame (9) for 32 gold pieces
 29943 | Orc:2    | Bought a potion of invisibility for 256 gold pieces
 29943 | Orc:2    | Bought a scroll of magic mapping for 112 gold pieces
 29943 | Orc:2    | Bought a wand of flame (6) for 32 gold pieces
 30102 | Elf:1    | Entered Level 1 of the Elven Halls
 30318 | Elf:1    | Paralysed by an air elemental for 1 turns
 30536 | Elf:1    | Got the Tome of Supportive Conjuration
 30617 | Elf:1    | Found a frozen archway.
 30626 | IceCv    | Entered an ice cave
 30871 | IceCv    | Reached skill level 22 in Bows
 31838 | IceCv    | Identified the amulet "Wian" {Faith Drain rCorr Dex+4}
 31883 | IceCv    | Received a gift from Nemelex Xobeh
 32342 | Elf:1    | Identified the +6 hand crossbow "Cothrev" {flame, rElec
                  | Str+8}
 32346 | Elf:1    | Got Zoafif's Handbook of Enchanting Creation
 32459 | Elf:1    | Reached XP level 17. HP: 76/76 MP: 27/27
 32588 | Elf:2    | Received a gift from Nemelex Xobeh
 32679 | Elf:2    | Mangled by an earth elemental

Illustrated notes

Levels and vault maps discovered:
D:1:      saegor_arrival_simple_a, layout_rooms, minmay_tall_x
D:2:      layout_loops_cross, minmay_tree_intersection
D:3:      minmay_door_path, layout_basic, ebering_ecumenical_altar_sacrificial,
          minmay_misc_feat_ornament, uniq_terence
D:4:      layout_loops_ring, gammafunk_temple_overflow_statue,
          gammafunk_ghost_stat_death, dreamdust_gnoll_farm
D:5:      layout_rooms, kennysheep_slug_shrine, tso_oasis_becter
D:6:      layout_loops_corners, gammafunk_ghost_smash, serial_shops,
          shop_fountains, uniq_grinder, uniq_menkaure
D:7:      layout_basic, mainiacjoe_overflow_cross_hatched,
          nicolae_dithmenos_the_darkroom, minmay_temple_entry_statues_fountains,
          enter_bailey_4, kennysheep_generic_room_6
D:8:      layout_gridville, fedhas_altar_1, serial_demonic, serial_demonic_d,
          serial_demonic_g, serial_demonic_f, serial_demonic_g,
          serial_demonic_d, serial_demonic_f, serial_demonic_d,
          serial_demonic_g, serial_demonic_g, serial_demonic_c
D:9:      layout_rooms, lemuel_doored_altar, lemuel_crystal_altar, david_orc_4
D:10:     layout_cave_pools, mainiacjoe_overflow_catwalk, david_lair_generic,
          uniq_josephine, uniq_harold, uniq_nergalle
D:11:     minmay_the_grid_octo_triangle [minmay_the_grid_octo_toaster,
          minmay_the_grid_octo_prize_ultimate_mussel_roller,
          minmay_the_grid_octo_pinwheel], layout_basic, minmay_strange_pillars
D:12:     layout_stronghold, uniq_jorgrun
D:13:     layout_stronghold, serial_bayou, serial_bayou_lagoon_b,
          serial_bayou_pond_d, serial_bayou_lagoon_a, serial_bayou_crossing,
          grunt_ministairs_1, nicolae_shop_fire_sale [nicolae_sub_dead_trees],
          ashenzari_conservatory_becter
D:14:     nzn_winding_woodlands_huge [nzn_winding_woodlands_5x15_pockets,
          nzn_winding_woodlands_5x15_lazy_stream,
          nzn_winding_woodlands_5x15_crooked,
          nzn_winding_woodlands_5x15_river_crossing,
          nzn_winding_woodlands_5x15_pool, nzn_winding_woodlands_5x15_parted,
          nzn_winding_woodlands_5x15_garden,
          nzn_winding_woodlands_5x15_pathside_ponds,
          nzn_winding_woodlands_5x15_sawtooth, nzn_winding_woodlands_5x15_twine,
          nzn_winding_woodlands_center_pierced_h,
          nzn_winding_woodlands_center_diamonds,
          nzn_winding_woodlands_15x15_five_gardens], layout_gridville,
          erik_vaults_1, hangedman_decor_opposing, elves_outpost_lemuel
D:15:     grunt_enter_depths_magical_seal, layout_basic, chequers_avenue,
          nicolae_alphabet_shops, dreamdust_looks_like_rain, uniq_rupert
Temple:   chequers_temple_sunken
Lair:1:   layout_chaotic_city, infiniplex_staircase_pool_2, lemuel_fruit_tree,
          uniq_fannar, uniq_sonja
Lair:2:   layout_loops_ring, chequers_serial_rivers_room_b, grunt_megastairs_2
Lair:3:   layout_loops_ring
Lair:4:   layout_gridlike, palyth_hydra_swamp_entry, dummy_snake_entry,
          ldierk_geyser, grunt_forest_large_clearings, serial_bayou_shore_b,
          uniq_urug
Lair:5:   cheibrodos_lair_river_kwai, layout_small_grid, lemuel_fruit_fields,
          lemuel_fruit_fields
Lair:6:   evilmike_catoblepas_cave, layout_regular_city,
          minmay_slime_entry_pillars, kennysheep_snail_temple
Orc:1:    layout_caves, uniq_maurice
Orc:2:    st_orc_rangers, layout_diamond_mine
Elf:1:    cheibrodos_wizards_tower, layout_geoelf_diagonals,
          portal_ice_cave_entry_dragon, minmay_elf_sorcery
Elf:2:    elven_hall_of_blades_hangedman_original [nicolae_blade_tridents],
          layout_geoelf_diagonals
Depths:1: layout_gridlike, enter_ziggurat_f, hell_entry, nzn_random_ring,
          minmay_shoptagon, serial_bayou_shore_b

Skill      XL: |  1  2  3  4  5  6  7  8  9 10 11 12 13 14 15 16 |
---------------+-------------------------------------------------+-----
Bows           | 5 6 7 8 10 11 12 15 16 18 20 22 | 22.0
Dodging        | 4 6 9 10 11 12 15 18 21 | 21.0
Stealth        | 4 6 7 10 | 10.8
Evocations     | 3 8 11 13 14 | 14.4
Invocations    | 3 9 12 13 | 13.2
Fighting       | 2 3 |  3.0
Throwing       | 3 6 |  6.0

Action                   |  1- 3 |  4- 6 |  7- 9 | 10-12 | 13-15 | 16-18 || total
-------------------------+-------+-------+-------+-------+-------+-------++-------
 Fire: Shortbow          |    94 |   141 |   282 |   914 |  1562 |   911 ||  3904
Throw: Dart              |       |       |       |       |     4 |     2 ||     6
Invok: Draw Destruction  |       |       |       |       |    26 |     4 ||    30
       Draw Escape       |       |       |       |       |     3 |       ||     3
       Draw Stack        |       |       |       |       |     5 |     2 ||     7
       Stack Five        |       |       |       |       |     1 |     1 ||     2
       Deal Four         |       |       |       |       |     3 |       ||     3
 Abil: Evoke Blink       |       |       |       |       |     2 |       ||     2
Evoke: Wand              |       |       |       |       |     8 |     2 ||    10
       Box of beasts     |       |       |       |       |     2 |       ||     2
       Lightning rod     |       |       |       |       |     2 |       ||     2
       Piece from Xom's  |       |       |       |       |     2 |       ||     2
       Tin of tremorston |       |       |       |       |       |     1 ||     1
  Use: Scroll            |       |       |    22 |    11 |     7 |     3 ||    43
       Potion            |       |       |       |       |     2 |     1 ||     3
Armor: Robe              |     3 |     6 |     1 |       |       |     3 ||    13
       Steam dragon scal |       |       |     2 |    30 |    33 |     8 ||    73
Dodge: Dodged            |    19 |    32 |    56 |   387 |   541 |   462 ||  1497

Table legend: (Time is in decaauts)
 A = Elapsed time spent in this place.
 B = Non-inter-level travel time spent in this place.
 C = Inter-level travel time spent in this place.
 D = Time resting spent in this place.
 E = Time spent auto-exploring this place.
 F = Levels seen in this place.
 G = Mean time per level.
                   A        B        C        D        E       F      G
               +--------+--------+--------+--------+--------+-----+--------+
         Total |  24457 |  22877 |   1580 |   4114 |  13287 |  29 |  843.3 |
       Dungeon |  15827 |  14645 |   1182 |   2738 |   8727 |  15 | 1055.1 |
        Temple |     36 |     36 |      0 |      0 |      0 |   1 |   36.0 |
          Lair |   5012 |   4692 |    320 |    335 |   3345 |   6 |  835.3 |
  Orcish Mines |    882 |    813 |     69 |     14 |    477 |   2 |  441.0 |
   Elven Halls |    861 |    853 |      8 |     41 |    431 |   2 |  430.5 |
        Depths |     18 |     18 |      0 |      0 |      0 |   1 |   18.0 |
        Bailey |    720 |    720 |      0 |    387 |    153 |   1 |  720.0 |
      Ice Cave |   1097 |   1097 |      0 |    597 |    152 |   1 | 1097.0 |
               +--------+--------+--------+--------+--------+-----+--------+

Top non-repeatable levels by time:
    D:14: 3562 daAuts
    D:13: 1694 daAuts
     D:6: 1326 daAuts
    D:15: 1234 daAuts
    D:12: 1143 daAuts
  Lair:4: 1125 daAuts
   IceCv: 1097 daAuts
  Lair:6: 1062 daAuts
     D:9: 967 daAuts
  Lair:5: 961 daAuts
     D:3: 824 daAuts
     D:8: 811 daAuts
   Elf:1: 779 daAuts
  Lair:1: 747 daAuts
  Bailey: 720 daAuts
